 Dungeon Crawl Stone Soup version 0.28-a0-722-gc0678643b6 (webtiles) character file.

Game seed: 2556929580034913939

2506 Lekart the Conjurer (level 9, -6/62 HPs)
             Began as a Grey Draconian Conjurer on Oct 24, 2021.
             Was a Follower of Vehumet.
             Mangled by a two-headed ogre (10 damage)
             ... on level 7 of the Dungeon.
             The game lasted 00:21:08 (9574 turns).

Lekart the Conjurer (Grey Draconian Conjurer)       Turns: 9574, Time: 00:21:09

Health: -6/62      AC: 12    Str: 11    XL:     9   Next: 28%
Magic:  9/17       EV: 12    Int: 21    God:    Vehumet [*.....]
Gold:   468        SH:  0    Dex:  9    Spells: 9/19 levels left

rFire   . . .      SeeInvis .   c - staff of conjuration
rCold   . . .      Faith    .   (no shield)
rNeg    . . .      Spirit   .   (armour unavailable)
rPois   .          Reflect  .   (helmet restricted)
rElec   .          Harm     .   (no cloak)
rCorr   .          Rampage  .   (no gloves)
Will    .....                   (no boots)
Stlth   ++........              (no amulet)
HPRegen 0.20/turn               d - ring of flight
MPRegen 0.15/turn               (no ring)

@: flying
A: AC +12, amphibious, unfitting armour, cold-blooded
a: Renounce Religion


You were on level 7 of the Dungeon.
You worshipped Vehumet.
Vehumet was aware of your devotion.
You visited 2 branches of the dungeon, and saw 8 of its levels.

You collected 468 gold pieces.

Inventory:

Magical Staves
 c - a staff of conjuration (weapon)
Jewellery
 d - a ring of flight (left hand)
Wands
 n - a wand of iceblast (5)
 p - a wand of flame (6)
Scrolls
 e - a scroll of fog
 f - 2 scrolls of enchant armour
 g - a scroll of identify
 k - a scroll of magic mapping
Potions
 h - 4 potions of flight
 m - a potion of heal wounds


   Skills:
 + Level 5.2 Staves
 - Level 1.7 Dodging
 - Level 1.7 Stealth
 + Level 5.7 Spellcasting
 + Level 7.5 Conjurations
 * Level 4.0 Hexes
 * Level 1.7 Necromancy
 * Level 5.0 Evocations


You had 9 spell levels left.
You knew the following spells:

 Your Spells              Type           Power      Damage    Failure   Level
a - Magic Dart            Conj           100%       1d8       1%          1
b - Dazzling Flash        Conj/Hex       90%        N/A       2%          3
c - Fulminant Prism       Conj/Hex       22%        3d13      10%         4
d - Sublimation of Blood  Necr           6%         N/A       8%          2

Your spell library contained the following spells:

 Spells                   Type           Power      Damage    Failure   Level
 Shock                    Conj/Air       100%       1d9       2%          1
 Searing Ray              Conj           100%       2d8       1%          2
 Wereblood                Tmut           6%         N/A       16%         2
 Iskenderun's Mystic Bla  Conj/Tloc      32%        2d8       22%         4
 Conjure Ball Lightning   Conj/Air       16%        3x3d6     97%         6
 Summon Hydra             Summ           3%         N/A       100%        7
 Discord                  Hex            11%        N/A       100%        8
 Disjunction              Tloc           3%         N/A       100%        8


Dungeon Overview and Level Annotations

Branches:
Dungeon (7/15)             Temple (1/1) D:6

Altars:
Ashenzari
Cheibriados
Dithmenos
Elyvilon
Fedhas
Gozag
Hepliaklqana
Kikubaaqudgha
Makhleb
Nemelex Xobeh
Qazlal
Ru
Sif Muna
Trog
Vehumet
Xom
Yredelemnul
Zin
The Shining One

Annotations:
D:2 1 runed translucent door, Crazy Yiuf
D:5 exclusion: downstairs


Innate Abilities, Weirdness & Mutations

Your dull iron-grey scales are very hard. (AC +12)
You are amphibious.
You cannot fit into any form of body armour.
You are cold-blooded and may be slowed by cold attacks.


Message History

As you read the scroll labelled ZYUMOADGH ETHUN, it crumbles to dust.
It is a scroll of brand weapon.
You aren't carrying any weapons that can be branded.
As you read the scroll labelled UDDYDE IR HEGU, it crumbles to dust.
Wisps of shadow whirl around you...
It was a scroll of summoning.
The two-headed ogre closely misses you. The two-headed ogre misses you.
You swap places.
Your bullfrog hits the two-headed ogre.
The two-headed ogre hits your bullfrog with a +0 giant club!!
Your bullfrog dies!
Your bullfrog's corpse dissolves into shadows!
Your orc shouts, "No mercy!
Kill them all!"
Your orc closely misses the two-headed ogre.
Your orc hits the two-headed ogre but does no damage.
Your orc barely misses the two-headed ogre.
Your orc hits the two-headed ogre with a +0 dagger.
The two-headed ogre barely misses your orc wizard.
The two-headed ogre hits your orc wizard with a +0 giant club!
Your orc wizard dies!
Your orc wizard's corpse dissolves into shadows!
Your orc barely misses the two-headed ogre.
Your orc hits the two-headed ogre but does no damage.
Your orc wizard hits the two-headed ogre with a +0 dagger.
The two-headed ogre hits your orc with a +0 giant club!!
Your orc dies!
Your orc's corpse dissolves into shadows!
Your orc hits the two-headed ogre with a +0 flail!
Your orc hits the two-headed ogre but does no damage.
Your orc wizard shouts at the two-headed ogre, "Die, monster!"
Your orc wizard barely misses the two-headed ogre.
Okay, then.
Your orc wizard hits the two-headed ogre with a +0 dagger.
Your orc hits the two-headed ogre with a +0 flail.
You hit the two-headed ogre but do no damage.
You blast the two-headed ogre!
The two-headed ogre is heavily wounded.
Your orc wizard hits the two-headed ogre with a +0 dagger.
The two-headed ogre hits you with a +0 giant club!!
* * * LOW HITPOINT WARNING * * *
The two-headed ogre hits you with a +0 giant club!
You die...

########.## ####.##..##..#
#..#.##......#
#........###.########
#.........##...#..#.###### ###
#####.....##...#..#.##...#####..
#................#....#.....
##..##......###.)..........(
##..#......@Ooo..#...##.#...
##.##........oo.####.....#...
#....#.......o..####.........
#..###............#.....##.##
##..(..........##..##....#...#
###.................###...##..##
#...##.#......#.###..##....#..##
###.####.##...#..##.......##..##
#...##.........####...#.##...#


You could see a two-headed ogre (ally target), 2 friendly orc wizards and 3
friendly orcs.

Vanquished Creatures
  A water moccasin (D:5)
  An orc warrior (D:7)
  3 ice beasts
  A sky beast (D:6)
  A necrophage (D:2)
  2 ogres (D:5)
  2 phantoms
  2 centaurs
  3 kobold brigands (D:7)
  A bullfrog (D:6)
  5 wights
  A howler monkey (D:5)
  A centaur zombie (D:7)
  A bullfrog zombie (D:5)
  A gnoll shaman (D:7)
  2 centaur skeletons
  A bullfrog skeleton (D:7)
  5 hounds
  4 iguanas
  Natasha (thrice) (D:4)
  3 orc wizards
  A hound skeleton (D:5)
  6 gnolls
  8 adders
  A shadow imp (D:7)
  A white imp (D:7)
  2 ufetubi
  3 worms
  A dart slug (D:5)
  19 orcs
  3 bats
  7 endoplasms
  6 hobgoblins
  8 jackals
  14 kobolds
  4 quokkas
  7 ball pythons
  3 frilled lizards
  8 goblins
  5 rats
151 creatures vanquished.

Vanquished Creatures (others)
  6 fulminant prisms (D:7)
6 creatures vanquished.

Grand Total: 157 creatures vanquished

Notes
Turn   | Place    | Note
-------+----------+-------------------------------------------
     0 | D:1      | Lekart the Draconian Conjurer began the quest for the Orb.
     0 | D:1      | Reached XP level 1. HP: 14/14 MP: 3/3
   273 | D:1      | Reached XP level 2. HP: 20/20 MP: 0/5
  1113 | D:2      | Reached skill level 1 in Evocations
  1120 | D:2      | Reached XP level 3. HP: 24/26 MP: 0/6
  1414 | D:2      | You are sucked into a shaft and drop 2 floors!
  1456 | D:2      | Found a faded altar of an unknown god.
  1492 | D:2      | Reached skill level 5 in Conjurations
  1569 | D:2      | Noticed a necrophage
  1575 | D:2      | Killed a necrophage
  1576 | D:2      | Reached XP level 4. HP: 33/33 MP: 0/7
  1576 | D:2      | Reached XP level 5. HP: 38/38 MP: 0/8
  1948 | D:2      | Found a runed translucent door.
  1949 | D:2      | Noticed Crazy Yiuf
  2113 | D:3      | Learned a level 3 spell: Dazzling Flash
  2437 | D:3      | Reached skill level 1 in Staves
  2632 | D:3      | Found a shadowy altar of Dithmenos.
  2632 | D:3      | Found a sacrificial altar of Ru.
  2863 | D:3      | Reached XP level 6. HP: 26/45 MP: 2/10
  3195 | D:4      | Identified the +12 hunting sling "Death Rattle" {vorpal,
                  | *Slow rElec rN+++ Int-2}
  3326 | D:4      | Reached skill level 1 in Hexes
  3462 | D:4      | Noticed Natasha
  3483 | D:4      | Killed Natasha
  3565 | D:4      | Reached skill level 6 in Conjurations
  3651 | D:4      | Found a stormy altar of Qazlal.
  3655 | D:4      | Found a sparkling altar of Nemelex Xobeh.
  3667 | D:4      | Found a blossoming altar of Fedhas.
  3769 | D:4      | Noticed Natasha
  3777 | D:4      | Killed Natasha
  4325 | D:5      | Entered Level 5 of the Dungeon
  4346 | D:5      | Your scales start taking on a dull iron-grey colour.
  4346 | D:5      | Reached XP level 7. HP: 24/50 MP: 9/12
  4816 | D:4      | Noticed Natasha
  4821 | D:4      | Killed Natasha
  4881 | D:5      | Learned a level 4 spell: Fulminant Prism
  6228 | D:6      | Reached XP level 8. HP: 39/57 MP: 6/14
  6891 | D:6      | Found a staircase to the Ecumenical Temple.
  6954 | Temple   | Entered the Ecumenical Temple
  7189 | Temple   | Became a worshipper of Vehumet
  7194 | Temple   | Learned a level 2 spell: Sublimation of Blood
  7410 | D:6      | Reached skill level 7 in Conjurations
  7675 | D:7      | Reached skill level 5 in Staves
  8003 | D:7      | Reached skill level 5 in Spellcasting
  8383 | D:7      | Reached XP level 9. HP: 26/62 MP: 8/16
  9047 | D:7      | Reached skill level 1 in Necromancy
  9310 | D:7      | Found an ancient bone altar of Kikubaaqudgha.
  9436 | D:7      | Reached * piety under Vehumet
  9436 | D:7      | Offered knowledge of Shock by Vehumet.
  9466 | D:7      | Reached skill level 5 in Evocations
  9479 | D:7      | Noticed a two-headed ogre
  9574 | D:7      | Mangled by a two-headed ogre

Illustrated notes

Levels and vault maps discovered:
D:1:      dpeg_arrival_boxorama, layout_basic
D:2:      layout_loops_cross, hellmonk_ecumenical_altar_blasted,
          minmay_hexomino_c4, uniq_crazy_yiuf_cottage
D:3:      layout_rooms, jmf_multi_god_temple, serial_aquarium,
          aquarium_bridge_island_small [aquarium_subvault_small_open,
          aquarium_subvault_bridge, aquarium_subvault_bridge,
          aquarium_subvault_bridge, aquarium_subvault_window],
          aquarium_window_fake, aquarium_window_fake,
          aquarium_window_corridor_2, aquarium_view_2d, aquarium_view_2b,
          aquarium_balcony_3b, aquarium_pool_1
D:4:      layout_basic, chequers_temple_overflow_statue_of_worship, uniq_natasha
D:5:      layout_basic
D:6:      layout_rooms, minmay_temple_entry_ruins
D:7:      minmay_polygon_palace, layout_cave_pools,
          mainiacjoe_overflow_small_starburst, minmay_misc_feat_alley
Temple:   nicolae_temple_figure_eight

Skill      XL: |  1  2  3  4  5  6  7  8  9 |
---------------+----------------------------+-----
Evocations     | 1 2 3 4 5 |  5.0
Conjurations   | 5 6 7 |  7.5
Staves         | 1 2 3 5 |  5.2
Spellcasting   | 3 4 5 |  5.7
Hexes          | 1 2 3 4 |  4.0
Necromancy     | 1 |  1.7
Dodging        | |  1.7
Stealth        | |  1.7

Action                   |  1- 3 |  4- 6 |  7- 9 || total
-------------------------+-------+-------+-------++-------
Melee: Unarmed           |     1 |       |       ||     1
       Staff             |    70 |   189 |   209 ||   468
       Tailslap          |     6 |    16 |    17 ||    39
 Cast: Magic Dart        |    46 |    52 |   147 ||   245
       Dazzling Flash    |       |     2 |    14 ||    16
       Sublimation of Bl |       |       |     8 ||     8
       Fulminant Prism   |       |       |     6 ||     6
Evoke: Wand              |       |     4 |    12 ||    16
  Use: Potion            |       |     2 |     3 ||     5
       Scroll            |       |       |    12 ||    12
 Stab: Sleeping          |     2 |       |     1 ||     3
       Invisible         |       |       |    10 ||    10
Armor: Skin              |    25 |    54 |   120 ||   199
Dodge: Dodged            |    55 |   113 |   233 ||   401

Table legend: (Time is in decaauts)
 A = Elapsed time spent in this place.
 B = Non-inter-level travel time spent in this place.
 C = Inter-level travel time spent in this place.
 D = Time resting spent in this place.
 E = Time spent auto-exploring this place.
 F = Levels seen in this place.
 G = Mean time per level.
                   A        B        C        D        E       F      G
               +--------+--------+--------+--------+--------+-----+--------+
         Total |   9653 |   9449 |    204 |   2547 |   4926 |   8 | 1206.6 |
       Dungeon |   9317 |   9138 |    179 |   2504 |   4726 |   7 | 1331.0 |
        Temple |    336 |    311 |     25 |     43 |    200 |   1 |  336.0 |
               +--------+--------+--------+--------+--------+-----+--------+

Top non-repeatable levels by time:
     D:5: 1916 daAuts
     D:7: 1520 daAuts
     D:4: 1435 daAuts
     D:6: 1238 daAuts
     D:3: 1114 daAuts
     D:1: 1056 daAuts
     D:2: 1035 daAuts
  Temple: 336 daAuts
